 Dungeon Crawl Stone Soup version 0.19.0-19-g8c6edcc (webtiles) character file.

77 dobroeutro the Chopper (level 4, -3/39 HPs)
             Began as a Minotaur Berserker on Nov 12, 2016.
             Was a Believer of Trog.
             Slain by a gnoll
             ... wielding a +0 halberd
              (6 damage)
             ... on level 2 of the Dungeon.
             The game lasted 00:01:12 (818 turns).

dobroeutro the Chopper (Minotaur Berserker)          Turns: 818, Time: 00:01:13

Health: -3/39      AC:  3    Str: 21    XL:     4   Next: 13%
Magic:  3/3        EV: 12    Int:  4    God:    Trog [**....]
Gold:   80         SH:  0    Dex: 11    Spells: 0 memorised, 3 levels left

rFire  . . .     SeeInvis .     a - +0 hand axe
rCold  . . .     Gourm    .     b - +0 animal skin
rNeg   . . .     Faith    .     (no shield)
rPois  .         Spirit   .     (helmet restricted)
rElec  .         Reflect  .     l - +0 cloak
rCorr  .         Harm     .     (no gloves)
MR     .....                    (no boots)
Stlth  +.........               (no amulet)
                                (no ring)
                                (no ring)

@: exhausted, slowed, very slow
A: retaliatory headbutt, horns 2
a: Berserk, Trog's Hand, Burn Spellbooks, Renounce Religion


You were on level 2 of the Dungeon.
You worshipped Trog.
Trog was pleased with you.
You were very hungry.

You visited 1 branch of the dungeon, and saw 2 of its levels.

You collected 80 gold pieces.

Inventory:

Hand Weapons
 a - a +0 hand axe (weapon)
Armour
 b - a +0 animal skin (worn)
 l - a +0 cloak (worn)
Scrolls
 e - 3 scrolls of remove curse {unknown}
 f - a scroll of teleportation {unknown}
 h - a scroll of blinking {unknown}
 i - a scroll of identify {unknown}
 m - a scroll of fear {unknown}
Potions
 g - a potion of heal wounds {unknown}
 j - a potion of invisibility {unknown}
 k - a potion of lignification {unknown}
 o - a potion of flight {unknown}
Comestibles
 c - 2 bread rations
 d - a beef jerky
 n - a slice of pizza


   Skills:
 - Level 3.6 Fighting
 + Level 6.0 Axes
 - Level 2.4 Armour
 - Level 2.1 Dodging


You had 3 spell levels left.
You didn't know any spells.

Dungeon Overview and Level Annotations

Branches:
Dungeon (2/15)

Altars:


Innate Abilities, Weirdness & Mutations

You reflexively headbutt those who attack you in melee.
You have a pair of horns on your head.


Message History

Unknown command.
You are too injured to fight recklessly!
Items here: ( )) † a club; a hunting sling; 11 stones; a goblin corpse You feel a strong urge to attack something.
You feel your anger subside.
You are no longer berserk.
You are exhausted.
You feel yourself slow down. The gnoll hits you but does no damage.
The gnoll closely misses you. The gnoll closely misses you.
The gnoll barely misses you.
The gnoll hits you from afar with a halberd.
* * * LOW HITPOINT WARNING * * *
The gnoll closely misses you.
There is a stone staircase leading up here.
The gnoll hits you from afar with a halberd!
* * * LOW HITPOINT WARNING * * *
The gnoll hits you from afar with a halberd.
You die...

##.#
####...###.###### #
#..# ##.....##†# ##
#<##
#......##.########.
#.#
#......#..........#
#.#
#.#....#..########.
#.# #.##.#.#......#
## #.#
#.##.#.#.####.# #
##.#
##.##..........# #
#..#
#..@..#.#.#†.).# #
#.##
#..##.#.#.###..#####
#.#
#gg##.#.............
#.#
#gg#.....####...####
#.#
#..#....†###..#..#..
#.#
#..#.....)...###....
######.#
#...........†.#..###
#......#
####.....####...##
#.###### ###g###
#.#.#


You could see 4 gnolls.

Vanquished Creatures
  Robin (D:2)
  A gnoll (D:1)
  An adder (D:2)
  An ooze (D:1)
  2 dart slugs
  5 bats (D:1)
  A giant cockroach (D:1)
  13 goblins
  5 hobgoblins
  3 frilled lizards
  4 kobolds
  3 rats
40 creatures vanquished.

Notes
Turn   | Place    | Note
-------+----------+-------------------------------------------
     0 | D:1      | dobroeutro the Minotaur Berserker began the quest for the Orb.
     0 | D:1      | Reached XP level 1. HP: 19/19 MP: 0/0
    29 | D:1      | Reached skill level 4 in Axes
    29 | D:1      | Reached XP level 2. HP: 26/26 MP: 1/1
   339 | D:1      | Reached skill level 5 in Axes
   468 | D:1      | Reached XP level 3. HP: 29/31 MP: 2/2
   642 | D:2      | Reached ** piety under Trog
   780 | D:2      | Noticed Robin
   793 | D:2      | Killed Robin
   793 | D:2      | Reached skill level 6 in Axes
   793 | D:2      | Reached XP level 4. HP: 27/39 MP: 3/3
   818 | D:2      | Slain by a gnoll

Skill      XL: |  1  2  3 |
---------------+----------+-----
Axes           | 4 5 6 |  6.0
Fighting       | |  3.6
Armour         | |  2.4
Dodging        | |  2.1

Action                   |  1- 3 |  4- 6 || total
-------------------------+-------+-------++-------
Melee: Hand axe          |    62 |     3 ||    65
       Headbutt          |     9 |     1 ||    10
Invok: Berserk           |     2 |       ||     2
Armor: Animal skin       |    17 |     1 ||    18
Dodge: Dodged            |    47 |     5 ||    52
